 Dungeon Crawl Stone Soup version 0.30-a0-242-g7bf8e6d787 (webtiles) character file.

Game seed: 13723090264401933239

82 Hubris850 the Chiller (level 4, 0/30 HPs)
             Began as a Merfolk Ice Elementalist on Oct 11, 2022.
             Frozen to death by an endoplasm (2 damage)
             ... on level 3 of the Dungeon.
             The game lasted 00:07:59 (2425 turns).

Hubris850 the Chiller (Merfolk Ice Elementalist)    Turns: 2425, Time: 00:07:59

Health: 0/30       AC:  2    Str:  8    XL:     4   Next: 43%
Magic:  8/8        EV: 13    Int: 22    God:
Gold:   109        SH:  0    Dex: 14    Spells: 1/8 levels left

rFire   . . .      SeeInvis .    o - +3 whip
rCold   . . .      Faith    .    (no shield)
rNeg    . . .      Spirit   .    a - +0 robe
rPois   .          Reflect  .    (no helmet)
rElec   .          Harm     .    (no cloak)
rCorr   .          Rampage  .    (no gloves)
Will    .....                    (no boots)
Stlth   ++........               (no amulet)
HPRegen 0.25/turn                m - +6 ring of intelligence
MPRegen 0.11/turn                (no ring)

@: about to teleport
A: (nimble swimmer 2), mertail
a: no special abilities


You were on level 3 of the Dungeon.
You visited 1 branch of the dungeon, and saw 3 of its levels.

You collected 109 gold pieces.

Inventory:

Hand Weapons
 c - a +0 short sword
 g - a +0 spear
 o - a +3 whip (weapon)
Missiles
 k - 6 poisoned darts
 q - 2 boomerangs
Armour
 a - a +0 robe (worn)
Jewellery
 m - a +6 ring of intelligence (left hand)
Scrolls
 d - a scroll of teleportation
 e - 3 scrolls of identify {unknown}
 h - 2 scrolls of blinking {unknown}
 n - a scroll of poison {unknown}
 p - a scroll of immolation {unknown}
 r - a scroll of fear {unknown}
Potions
 b - a potion of magic
 f - a potion of flight {unknown}
 i - 2 potions of curing {unknown}
 j - a potion of degeneration {unknown}
 l - a potion of haste {unknown}


   Skills:
 + Level 1.6 Polearms
 - Level 3.2 Dodging
 - Level 3.0 Stealth
 + Level 2.8 Spellcasting
 + Level 5.0 Ice Magic


You had one spell level left.
You knew the following spells:

 Your Spells              Type           Power      Damage    Failure   Level
a - Freeze                Ice            100%       1d10      1%          1
b - Frozen Ramparts       Ice            50%        1d8       4%          3
c - Ozocubu's Armour      Ice            25%        N/A       4%          3

Your spell library contained the following spells:

 Spells                   Type           Power      Damage    Failure   Level
 Gell's Gravitas          Tloc           3%         N/A       36%         3
 Teleport Other           Tloc           3%         N/A       36%         3
 Summon Ice Beast         Ice/Summ       14%        N/A       41%         4
 Freezing Cloud           Conj/Ice/Air   5%         6-21      87%         5
 Dispersal                Tloc           1%         N/A       100%        6
 Simulacrum               Ice/Necr       7%         N/A       100%        6
 Polar Vortex             Ice            12%        N/A       100%        9


Dungeon Overview and Level Annotations

Branches:
Dungeon (3/15)

Altars:
Hepliaklqana
Xom

Shops:
D:1 *


Innate Abilities, Weirdness & Mutations

((You are very nimble when in or above water. (Stealth+, EV+, Speed+++)))
Your lower body shifts to a powerful aquatic tail in water.


Message History

You barely miss the phantom. The phantom hits you.
You barely miss the phantom. The phantom barely misses you.
You barely miss the phantom.
The phantom hits you but does no damage.
You closely miss the phantom. The phantom hits you.
The phantom blinks!
You blink.
The phantom hits you.
The phantom blinks!
You blink.
An endoplasm comes into view.
You closely miss the phantom. The phantom hits you.
The endoplasm quivers.
You hit the phantom but do no damage. The phantom hits you.
The phantom blinks!
You blink.
You barely miss the phantom. The phantom hits you.
You barely miss the phantom.
The hobgoblin shouts!
You hear an angry hiss.
The phantom misses you.
You hit the phantom.
The phantom is moderately damaged.
The phantom hits you. x2
* * * LOW HITPOINT WARNING * * *
You hit the phantom.
The phantom is moderately damaged.
The phantom barely misses you.
You aren't carrying any items that you can evoke.
Unknown command.
Unknown command.
Cast which spell? (? or * to list)
Okay, then.
Unknown command.
As you read the scroll labelled NABAW GOLAFY, it crumbles to dust.
You feel strangely unstable.
It was a scroll of teleportation.
The phantom hits you.
* * * LOW HITPOINT WARNING * * *
The phantom blinks!
You blink.
The phantom attacks as you move away! The phantom hits you.
* * * LOW HITPOINT WARNING * * *
The phantom attacks as you move away! The phantom barely misses you.
The endoplasm freezes you.
You are frozen.
You die...

....≈.....###..####.#
....≈≈.........###
....≈#.######.##..
####.### #.##.# #
.....## #.##.##.#
###...# #.......# #...#
####W#####.### #...#
#.J......... #...#
#g@####.#### #...#
#..### ###...#######
#>...#
............###.##?#
................# ...
.........[..##.........
###...########.....##[.
#...# #.##.## .. #...#
#.# .#


You could see a phantom, an endoplasm and a hobgoblin.

Vanquished Creatures
  A worm (D:2)
  2 dart slugs (D:1)
  4 orcs (D:3)
  6 endoplasms
  2 giant cockroaches
  4 goblins
  8 hobgoblins
  2 jackals (D:1)
  8 quokkas
  6 ball pythons (D:1)
  3 bats
  5 frilled lizards
  5 kobolds
  5 rats
61 creatures vanquished.

Vanquished Creatures (others)
  4 plants (D:3)
4 creatures vanquished.

Grand Total: 65 creatures vanquished

Notes
Turn   | Place    | Note
-------+----------+-------------------------------------------
     0 | D:1      | Hubris850 the Merfolk Ice Elementalist began the quest for
                  | the Orb.
     0 | D:1      | Reached XP level 1. HP: 13/13 MP: 3/3
   151 | D:1      | Reached XP level 2. HP: 17/19 MP: 3/5
   402 | D:1      | Reached XP level 3. HP: 17/24 MP: 0/6
   562 | D:1      | Found Obimarab's Assorted Antiques.
   950 | D:1      | Found a faded altar of an unknown god.
  1236 | D:2      | Learned a level 3 spell: Frozen Ramparts
  1240 | D:2      | Learned a level 3 spell: Ozocubu's Armour
  1429 | D:2      | Reached skill level 1 in Polearms
  1429 | D:2      | Reached XP level 4. HP: 30/30 MP: 3/7
  1600 | D:2      | Found a shimmering altar of Xom.
  2043 | D:3      | Found a hazy altar of Hepliaklqana.
  2198 | D:3      | Reached skill level 5 in Ice Magic
  2409 | D:3      | Noticed a phantom
  2424 | D:3      | HP: 1/30 [phantom (5)]
  2425 | D:3      | Frozen to death by an endoplasm

Illustrated notes

Levels and vault maps discovered:
D:1:      lemuel_arrival_room, layout_basic, serial_shops,
          nicolae_shop_waterfront, hellmonk_ecumenical_altar_zigzags,
          minmay_pentomino_z2
D:2:      layout_basic, basic_altar, nicolae_titane
D:3:      wad_woods_stonehenge, layout_loops_cross,
          chequers_serial_rivers_small_b, nicolae_grassy_gnolls

Skill      XL: |  1  2  3  4 |
---------------+-------------+-----
Dodging        | 3 |  3.2
Stealth        | 3 |  3.0
Polearms       | 1 |  1.6
Ice Magic      | 5 |  5.0
Spellcasting   | |  2.8

Action                   |  1- 3 |  4- 6 || total
-------------------------+-------+-------++-------
Melee: Unarmed           |    20 |       ||    20
       Short sword       |    24 |       ||    24
       Punch             |     3 |       ||     3
       Spear             |    90 |    59 ||   149
       Whip              |       |    36 ||    36
 Cast: Freeze            |    28 |     1 ||    29
       Frozen Ramparts   |     1 |     1 ||     2
  Use: Scroll            |       |     1 ||     1
 Stab: Sleeping          |     5 |     4 ||     9
Armor: Robe              |    22 |     8 ||    30
Dodge: Dodged            |   103 |    49 ||   152

Table legend: (Time is in decaauts)
 A = Elapsed time spent in this place.
 B = Non-inter-level travel time spent in this place.
 C = Inter-level travel time spent in this place.
 D = Time resting spent in this place.
 E = Time spent auto-exploring this place.
 F = Levels seen in this place.
 G = Mean time per level.
                   A        B        C        D        E       F      G
               +--------+--------+--------+--------+--------+-----+--------+
         Total |   2430 |   2381 |     49 |    149 |   1640 |   3 |  810.0 |
       Dungeon |   2430 |   2381 |     49 |    149 |   1640 |   3 |  810.0 |
               +--------+--------+--------+--------+--------+-----+--------+

Top non-repeatable levels by time:
     D:1: 1116 daAuts
     D:2: 794 daAuts
     D:3: 519 daAuts
